 Dungeon Crawl Stone Soup version 0.31-a0-496-g6f97920a28 (webtiles) character file.

Game seed: 16021492294876096527

455 Newt the Changeling (level 7, -1/52 HPs)
             Began as a Merfolk Shapeshifter on Aug 8, 2023.
             Was a Follower of Okawaru.
             Slain by a gnoll bouda
             ... wielding a +0 club
              (10 damage)
             ... on level 6 of the Dungeon.
             The game lasted 00:04:27 (3731 turns).

Newt the Changeling (Merfolk Shapeshifter)          Turns: 3731, Time: 00:04:27

Health: -1/52      AC:  3    Str: 22    XL:     7   Next: 5%
Magic:  7/7        EV: 14    Int:  6    God:    Okawaru [*.....]
Gold:   278        SH:  0    Dex: 13    Spells: 6/6 levels left

rFire   . . .        k - +1 great sword
rCold   . . .        (shield currently unavailable)
rNeg    . . .        a - +1 animal skin
rPois   .            (helmet currently unavailable)
rElec   .            (cloak currently unavailable)
rCorr   .            (gloves currently unavailable)
SInv    .            (boots currently unavailable)
Will    +....        i - amulet of regeneration
Stlth   +            f - ring of willpower
HPRegen 1.08/turn    (no ring)
MPRegen 0.10/turn

%: clarity
@: beast-form, marked, invisible
A: beast (slay +4), (nimble swimmer 2), mertail, clarity, strong 1
a: Begin Untransformation, Renounce Religion, Heroism


You were on level 6 of the Dungeon.
You worshipped Okawaru.
Okawaru was aware of your devotion.
You were a hulking beast.
You visited 1 branch of the dungeon, and saw 6 of its levels.

You collected 278 gold pieces.

Inventory:

Hand Weapons
 k - a +1 great sword (weapon)
Missiles
 o - 8 boomerangs
 q - 8 poisoned darts
Armour
 a - a +1 animal skin (worn)
Jewellery
 f - a ring of willpower (left hand)
 i - an amulet of regeneration (around neck)
Talismans
 c - a beast talisman (active)
 d - a flux talisman
Wands
 n - a wand of iceblast (3)
Potions
 b - a potion of lignification
 e - 2 potions of heal wounds
 h - 3 potions of mutation
 j - a potion of curing
 l - 2 potions of haste
 m - a potion of attraction
 p - a potion of berserk rage
 r - a potion of might {unknown}
 u - a potion of brilliance {unknown}


   Skills:
 - Level 3.0 Fighting
 - Level 4.3 Long Blades
 + Level 5.2 Dodging
 - Level 3.2 Unarmed Combat
 - Level 6.0 Shapeshifting


You had 6 spell levels left.
You didn't know any spells.
Your spell library contained the following spells:

 Spells                   Type           Power      Damage    Failure   Level
 Apportation              Tloc           0%         N/A       45%         1
 Necrotise                Necr           0%         1d4       45%         1
 Lesser Beckoning         Tloc           0%         N/A       58%         2
 Gell's Gravitas          Tloc           0%         N/A       83%         3
 Teleport Other           Tloc           0%         N/A       83%         3
 Summon Small Mammal      Summ           Unusable   N/A       N/A         1

Dungeon Overview and Level Annotations

Branches:
Dungeon (6/15)
 Temple: D:4-7

Altars:
Gozag
Kikubaaqudgha
Nemelex Xobeh
Okawaru
Wu Jian


Innate Abilities, Weirdness & Mutations

You are a hulking beast.
Your limbs bulge with bestial killing power. (Slay +4)
((You are very nimble when in or above water. (Stealth+, EV+, Speed+++)))
Your lower body shifts to a powerful aquatic tail in water.
You possess an exceptional clarity of mind.
Your muscles are strong. (Str +4, Int/Dex -1)


Message History

You feel better. The water moccasin barely misses you.
A gnoll comes into view. It is wielding a +0 flail.
As you read the scroll of fear, it crumbles to dust.
You assume a fearsome visage.
The orc looks frightened! x4
The sleepcap is unaffected.
The gnoll bouda looks frightened!
The gnoll looks frightened!
The water moccasin looks frightened!
Cornered, the water moccasin turns to fight!
The water moccasin bites you.
You see here a +0 flail of protection.
The water moccasin attacks as you move away!
The water moccasin bites you.
* * * LOW HITPOINT WARNING * * *
You are poisoned.
The water moccasin poisons you! 2 gnolls come into view.
A gnoll is wielding a +1 flail of draining.
You feel very sick.
The gnoll hits you from afar with a +0 spear.
* * * LOW HITPOINT WARNING * * *
There is a stone staircase leading down, spattered with blood here.
Unknown command.
Unknown command.
You feel better. The water moccasin bites you.
* * * LOW HITPOINT WARNING * * *
A gnoll comes into view. It is wielding a +0 whip.
The water moccasin bites you.
* * * LOW HITPOINT WARNING * * *
Unknown command.
The water moccasin closely misses you.
You climb downwards.
The gnoll shouts!
The gnoll bouda shouts!
The gnoll shouts!
Found a book of Air.
Found a stone staircase leading down.
There is a stone staircase leading up here.
Unknown command.
Unknown command.
Unknown command.
You fade into invisibility!
The water moccasin closely misses you. The gnoll misses you.
The gnoll bouda hits you with a +0 club!
You die...

#....#
....# ....#
# .>.# #.#
...##
....###...#
#....gg.S.#
#.....gh.#
##...gg#.#
#.:... .#
#..... .#
...#### ##
##


You could see a water moccasin (unable to see you), a gnoll bouda (unable to see
you) and 4 gnolls.

Vanquished Creatures
  Menkaure (D:4)
  A black bear (D:4)
  2 hounds (D:4)
  An orc priest (D:4)
  2 orc wizards (D:4)
  A gnoll (D:5)
  2 adders (D:3)
  A white imp (D:3)
  2 dart slugs (D:3)
  8 orcs
  4 endoplasms
  A giant cockroach (D:2)
  5 goblins
  9 hobgoblins
  A jackal (D:4)
  11 kobolds
  2 quokkas (D:2)
  7 ball pythons
  2 bats
  5 frilled lizards
  5 rats
73 creatures vanquished.

Notes
Turn   | Place    | Note
-------+----------+-------------------------------------------
     0 | D:1      | Newt the Merfolk Shapeshifter began the quest for the Orb.
     0 | D:1      | Reached XP level 1. HP: 15/15 MP: 1/1
   216 | D:1      | Reached XP level 2. HP: 22/22 MP: 2/2
   996 | D:2      | Reached XP level 3. HP: 29/29 MP: 3/3
  1933 | D:3      | Found an ornate altar of the Wu Jian Council.
  1933 | D:3      | Found an ancient bone altar of Kikubaaqudgha.
  1993 | D:3      | Found an iron altar of Okawaru.
  2007 | D:3      | HP: 1/29 [adder (4)]
  2012 | D:3      | Reached skill level 5 in Shapeshifting
  2012 | D:3      | Reached XP level 4. HP: 6/35 MP: 4/4
  2151 | D:3      | Became a worshipper of Warmaster Okawaru
  2464 | D:3      | Found a sparkling altar of Nemelex Xobeh.
  2740 | D:4      | Gained mutation: Your muscles are strong. (Str +4, Int/Dex
                  | -1) [potion of mutation]
  2740 | D:4      | Gained mutation: You possess an exceptional clarity of
                  | mind. [potion of mutation]
  2760 | D:4      | Noticed Menkaure
  2767 | D:4      | Killed Menkaure
  2767 | D:4      | Reached * piety under Okawaru
  2768 | D:4      | Reached skill level 6 in Shapeshifting
  2768 | D:4      | Reached XP level 5. HP: 23/41 MP: 5/5
  2809 | D:4      | Reached XP level 6. HP: 20/47 MP: 6/6
  3178 | D:4      | Noticed a black bear
  3187 | D:4      | Killed a black bear
  3526 | D:4      | Reached skill level 5 in Dodging
  3526 | D:4      | Reached XP level 7. HP: 48/52 MP: 7/7
  3549 | D:4      | Found an opulent altar of Gozag.
  3609 | D:5      | Entered Level 5 of the Dungeon
  3731 | D:6      | Slain by a gnoll bouda

Illustrated notes

Levels and vault maps discovered:
D:1:      minmay_arrival_doors, layout_basic
D:2:      layout_basic
D:3:      layout_basic, nemelex_xobeh_ov_fountains_minmay, jmf_multi_god_temple,
          mainiacjoe_overflow_concentric_impassable, minivault_23, minivault_27,
          hangedman_decor_growths, dk_vineyard_2
D:4:      kennysheep_six_static_rooms, layout_cave_pools,
          nicolae_gozag_cash_rules_everything_around_me, uniq_menkaure
D:5:      layout_loops_corners, dancing_weapons_uskayaw,
          minmay_temple_entry_grid, enter_ossuary_5, serial_shops,
          kennysheep_mini, shop
D:6:      layout_gridville, nicolae_dithmenos_through_a_glass_darkly,
          nicolae_ashenzari_panopticon, lightli_church_of_beogh

Skill      XL: |  1  2  3  4  5  6 |
---------------+-------------------+-----
Fighting       | 2 3 |  3.0
Shapeshifting  | 5 6 |  6.0
Long Blades    | 2 3 4 |  4.3
Dodging        | 5 |  5.2
Unarmed Combat | |  3.2

Action                     |  1- 3 |  4- 6 |  7- 9 || total
---------------------------+-------+-------+-------++-------
  Melee: Unarmed           |    15 |       |       ||    15
         Great sword       |    78 |    68 |    11 ||   157
  Evoke: Wand              |       |     2 |       ||     2
    Use: Scroll            |    10 |     1 |     5 ||    16
         Potion            |     1 |     2 |     3 ||     6
   Stab: Sleeping          |     2 |       |       ||     2
 Armour: Animal skin       |    27 |    11 |     2 ||    40
  Dodge: Dodged            |    62 |    55 |    16 ||   133

Table legend: (Time is in decaauts)
 A = Elapsed time spent in this place.
 B = Non-inter-level travel time spent in this place.
 C = Inter-level travel time spent in this place.
 D = Time resting spent in this place.
 E = Time spent auto-exploring this place.
 F = Levels seen in this place.
 G = Mean time per level.
                   A        B        C        D        E       F      G
               +--------+--------+--------+--------+--------+-----+--------+
         Total |   3822 |   3659 |    163 |    577 |   2484 |   6 |  637.0 |
       Dungeon |   3822 |   3659 |    163 |    577 |   2484 |   6 |  637.0 |
               +--------+--------+--------+--------+--------+-----+--------+

Top non-repeatable levels by time:
     D:3: 1040 daAuts
     D:4: 934 daAuts
     D:1: 892 daAuts
     D:2: 828 daAuts
     D:5: 126 daAuts
     D:6: 0 daAuts
